General information
			
			
        
        - name: BNet
 
        - type: Ladder 1vs1/FFA
 
        - host: Battle.net
 
        - saver: PwnimusMaximus
 
        
map: RoadToStratholme 
        - players: 2
 
        - length: 14:32
 
        - speed: Fast
 - version: 1.22 W3XP
 - replay type:  Public
 
» download(46 KB)
Players
        team 1 (winner) 
              
              
PwnimusMaximus (
purple | 96 APM | 1390 actions | 14:32)
              
 2 Dreadlord 
 1 Sleep
 1 Vampiric Aura
 
                » actions 
                
                | Assign group hotkey | 14 |  | 
| Basic commands | 23 |  | 
| Build / train | 52 |  | 
| Enter build submenu | 23 |  | 
| Enter hero's abilities submenu | 2 |  | 
| Remove unit from queue | 2 |  | 
| Right click | 946 |  | 
| Select / deselect | 185 |  | 
| Select group hotkey | 99 |  | 
| Use ability | 44 |  | 
                1390 total
 » units 
                » upgrades
                » buildings
                
                | Crypt | 1 |  | 
| Graveyard | 1 |  | 
| Ziggurat | 15 |  | 
| Altar of Darkness | 1 |  | 
| Tomb of Relics | 2 |  | 
| Spirit Tower | 8 |  | 
| Nerubian Tower | 2 |  | 
                30 total
 » build order
                00:08 Crypt
00:15 Graveyard
00:40 Ziggurat
00:57 Altar of Darkness
01:15 Tomb of Relics
01:50 Ziggurat
04:12 Ziggurat
04:15 Ziggurat
04:43 Ziggurat
05:14 Spirit Tower
05:18 Spirit Tower
05:36 Tomb of Relics
05:38 Nerubian Tower
06:06 Ziggurat
07:09 Ziggurat
07:50 Nerubian Tower
07:52 Spirit Tower
08:34 Spirit Tower
09:53 Ziggurat
10:44 Ziggurat
11:08 Spirit Tower
11:40 Ziggurat
11:46 Ziggurat
12:26 Ziggurat
12:44 Spirit Tower
13:05 Ziggurat
13:56 Spirit Tower
14:00 Ziggurat
14:03 Ziggurat
14:21 Spirit Tower
» items
                
                | Rod of Necromancy | 2 |  | 
| Sacrificial Skull | 2 |  | 
| Dust of Appearance | 2 |  | 
                6 total
  
               team 2 (loser) 
              
              
fedor (
yellow | 52 APM | 750 actions | 14:29)
              
 3 Blademaster 
 1 Wind Walk
 2 Critical Strike
 
                » actions 
                
                | Build / train | 31 |  | 
| Enter build submenu | 12 |  | 
| Enter hero's abilities submenu | 2 |  | 
| Give item / drop item | 1 |  | 
| Right click | 402 |  | 
| Select / deselect | 245 |  | 
| Use ability | 57 |  | 
                750 total
 » units 
                » buildings
                
                | Altar of Storms | 1 |  | 
| Barracks | 1 |  | 
| Orc Burrow | 6 |  | 
| Voodoo Lounge | 2 |  | 
| War Mill | 1 |  | 
| Stronghold | 1 |  | 
| Watch Tower | 1 |  | 
                13 total
 » build order
                00:11 Altar of Storms
00:29 Barracks
00:43 Orc Burrow
02:09 Orc Burrow
02:20 Orc Burrow
03:55 Voodoo Lounge
05:07 Voodoo Lounge
06:27 Orc Burrow
07:23 War Mill
08:49 Orc Burrow
09:29 Orc Burrow
09:54 Stronghold
12:56 Watch Tower
» items
                
                | Circlet of Nobility | 2 |  | 
| Boots of Speed | 1 |  | 
| Healing Salve | 2 |  | 
| Lesser Clarity Potion | 3 |  | 
| Potion of Lesser Invulnerability | 1 |  | 
                9 total
  
                Chat log
          (00:18 / All) PwnimusMaximus: ggl
(00:34 / All) fedor: hi gl hf
(14:10 / All) fedor: gg
(14:12 / All) PwnimusMaximus: gg
(14:14 / All) fedor: from
(14:18 / All) PwnimusMaximus: ireland
(14:23 / All) PwnimusMaximus: you?